 Dungeon Sprint DCSS version 0.27.1 (webtiles) character file.

Game seed: 6463381212980129649

1038 styxcanada the Unseen (level 8, -1/43 HPs)
             Began as a Spriggan Brigand on Aug 31, 2021.
             Was an Initiate of Gozag.
             Slain by a killer bee (3 damage)
             ... in the Dungeon (Sprint IV: "Fedhas' Mad Dash").
             The game lasted 00:05:40 (1086 turns).

styxcanada the Unseen (Spriggan Brigand)            Turns: 1086, Time: 00:05:41

Health: -1/43      AC:  4    Str:  7    XL:     8   Next: 4%
Magic:  7/9        EV: 22    Int: 13    God:    Gozag
Gold:   446        SH:  5    Dex: 18    Spells: 4/8 levels left

rFire    . . .     SeeInvis +   a - +3 dagger
rCold    . . .     Faith    .   o - +0 buckler
rNeg     . . .     Spirit   .   b - +0 robe
rPois    .         Reflect  .   (helmet restricted)
rElec    .         Harm     .   p - +1 cloak {rCorr}
rCorr    +         Rampage  .   (gloves unavailable)
Will     +....     NoTele   +   (boots unavailable)
Stlth    +++.......             m - amulet of invisibility {+Inv}
HPRegen  0.14/turn              (no ring)
MPRegen  0.11/turn              (no ring)

@: contaminated, glowing, invisible (but backlit and visible), very quick
A: very small, no large weapons, unfitting armour, see invisible, speed 3
a: Renounce Religion, Evoke Invisibility, Potion Petition, Call Merchant, Bribe
Branch


You were in the Dungeon.
You worshipped Gozag.
Gozag was aware of your devotion.
You visited 1 branch You collected 773 gold pieces.
You spent 327 gold pieces at shops.

Inventory:

Hand Weapons
 a - a +3 dagger (weapon)
Missiles
 d - 6 poisoned darts
 e - 2 curare-tipped darts (quivered)
 n - 23 stones
Armour
 b - a +0 robe (worn)
 o - a +0 buckler (worn)
 p - a +1 cloak of preservation (worn)
Jewellery
 m - the amulet of invisibility (around neck) {+Inv}
   (You found it in the Dungeon)

   [amulet of nothing]

   +Inv:      It lets you turn invisible.
Scrolls
 k - a scroll of blinking
 q - a scroll of fog
 t - a scroll of fear
Potions
 c - a potion of brilliance
 g - a potion of heal wounds
 h - a potion of haste
 i - 2 potions of magic
 j - a potion of might {unknown}


   Skills:
 * Level 5.2 Fighting
 + Level 4.3 Short Blades
 + Level 5.8 Throwing
 * Level 8.2 Dodging
 * Level 19.2 Stealth
 * Level 0.4 Shields
 * Level 0.6 Spellcasting
 * Level 0.6 Hexes
 * Level 5.0 Evocations


You had 4 spell levels left.
You knew the following spells:

 Your Spells              Type           Power      Damage    Failure   Level
a - Cause Fear            Hex            1%         N/A       98%         4

Your spell library contained the following spells:

 Spells                   Type           Power      Damage    Failure   Level
 Inner Flame              Hex/Fire       1%         N/A       77%         3
 Discord                  Hex            1%         N/A       100%        8


Dungeon Overview and Level Annotations

Branches:
Dungeon (1/1)

Altars:
Cheibriados
Dithmenos
Elyvilon
Gozag
Hepliaklqana
Kikubaaqudgha
Makhleb
Nemelex Xobeh
Okawaru
Qazlal
Ru
Sif Muna
Trog
Uskayaw
Vehumet
Wu Jian
Xom
Yredelemnul
Zin
The Shining One
Beogh
Jiyva
Lugonu

Shops:
D [[[*


Innate Abilities, Weirdness & Mutations

You are very small and have problems with some larger weapons.
You are too small for most types of armour.
You have supernaturally acute eyesight. (SInv)
You cover ground extremely quickly. (Speed+++)


Message History

You block the killer bee's attack. The killer bee completely misses you.
You barely miss the killer bee.
The killer bee is lightly wounded.
The killer bee misses you. The killer bee barely misses you.
The killer bee closely misses you. The killer bee misses you.
The killer bee completely misses you. You block the killer bee's attack.
You closely miss the killer bee.
The killer bee is lightly wounded.
The killer bee misses you. The killer bee completely misses you.
You hit the killer bee but do no damage.
The killer bee is lightly wounded.
You flicker back into view.
The queen bee is no longer distracted by gold.
You block the killer bee's attack. The killer bee closely misses you.
The killer bee misses you. The killer bee stings you.
The killer bee barely misses you. The queen bee stings you!
* * * LOW HITPOINT WARNING * * *
You fail to use your ability.
The killer bee barely misses you. x2
You block the killer bee's attack. The killer bee barely misses you.
The killer bee closely misses you. x2
The queen bee calls on the killer bee to defend it!
The killer bee goes berserk!
You fail to use your ability.
The killer bee closely misses you. You block the killer bee's attack.
The killer bee barely misses you.
The killer bee stings you but does no damage.
The killer bee misses you. x3; The queen bee completely misses you.
You fade into invisibility!
You are contaminated with residual magic.
The killer bee misses you. You block the killer bee's attack.
The killer bee completely misses you. x3; The killer bee misses you.
You block the killer bee's attack.
The queen bee calls on the killer bee to defend it!
The killer bee goes berserk!
The queen bee calls on the killer bee to defend it!
The killer bee goes berserk!
You hit the killer bee.
The killer bee is lightly wounded.
The killer bee closely misses you. The killer bee stings you.
You die...
Your body crumbles into a pile of gold.

#####################
#<...#.....#.....#.⌠.
#PP..'))...'.#[..'.._
#PPPP#.....#.#...#...
###############'##.._
#..y♣........'...#._.
#..y@..♣.....#$$$####
#..yy.♣..♣..######
##+####+#####


$$$$ You could see a queen bee and 3 killer bees.

Vanquished Creatures
  2 wandering mushrooms (D)
  A burning bush (D)
  3 scorpions (D)
  A killer bee (D)
  4 oklob saplings (D)
  2 spriggans (D)
  A river rat (D)
  A rat (D)
15 creatures vanquished.

Vanquished Creatures (others)
  A fungus (D)
1 creature vanquished.

Grand Total: 16 creatures vanquished

Notes
Turn   | Place    | Note
-------+----------+-------------------------------------------
     0 | D        | styxcanada the Spriggan Brigand began the quest for the
                  | Orb.
     0 | D        | Reached XP level 1. HP: 10/10 MP: 2/2
    15 | D        | Reached skill level 7 in Stealth
    15 | D        | Reached XP level 2. HP: 15/15 MP: 3/3
    46 | D        | Noticed an oklob sapling
    48 | D        | Killed an oklob sapling
    49 | D        | Reached skill level 9 in Stealth
    49 | D        | Reached XP level 3. HP: 18/18 MP: 4/4
    50 | D        | Noticed a scorpion
    50 | D        | Found the amulet of invisibility {+Inv}
    52 | D        | Killed a scorpion
    53 | D        | Reached skill level 12 in Stealth
    53 | D        | Reached XP level 4. HP: 23/23 MP: 5/5
    78 | D        | Found an opulent altar of Gozag.
    78 | D        | Found a hazy altar of Hepliaklqana.
    78 | D        | Found a burning altar of Makhleb.
    78 | D        | Found a sparkling altar of Nemelex Xobeh.
    78 | D        | Found a snail-covered altar of Cheibriados.
    78 | D        | Found a sacrificial altar of Ru.
    78 | D        | Found a shimmering blue altar of Sif Muna.
    78 | D        | Found a shimmering altar of Xom.
    78 | D        | Found a basalt altar of Yredelemnul.
    79 | D        | Found a viscous altar of Jiyva.
    79 | D        | Found a bloodstained altar of Trog.
    79 | D        | Found an ornate altar of the Wu Jian Council.
    80 | D        | Found an iron altar of Okawaru.
    80 | D        | Found a shadowy altar of Dithmenos.
    80 | D        | Found a glowing silver altar of Zin.
    81 | D        | Found an ancient bone altar of Kikubaaqudgha.
    81 | D        | Found a hide-covered altar of Uskayaw.
    82 | D        | Found a stormy altar of Qazlal.
    82 | D        | Found a white marble altar of Elyvilon.
    82 | D        | Found a glowing golden altar of the Shining One.
    83 | D        | Became a worshipper of Gozag Ym Sagoz the Greedy
    84 | D        | Found a corrupted altar of Lugonu.
    84 | D        | Found a radiant altar of Vehumet.
    88 | D        | Reached skill level 13 in Stealth
    88 | D        | Reached XP level 5. HP: 28/28 MP: 3/6
   100 | D        | Reached skill level 5 in Dodging
   100 | D        | Reached skill level 14 in Stealth
   173 | D        | Reached skill level 1 in Evocations
   366 | D        | Reached skill level 15 in Stealth
   366 | D        | Reached XP level 6. HP: 31/33 MP: 7/7
   513 | D        | Found Effigud's Antique Armour Shop.
   513 | D        | Found Elad's Armour Emporium.
   520 | D        | Bought an embroidered cloak for 217 gold pieces
   535 | D        | Noticed a burning bush
   535 | D        | Noticed a wandering mushroom
   536 | D        | Noticed a wandering mushroom
   541 | D        | Reached skill level 16 in Stealth
   541 | D        | Killed a wandering mushroom
   542 | D        | Reached skill level 5 in Throwing
   542 | D        | Reached skill level 17 in Stealth
   542 | D        | Reached XP level 7. HP: 17/38 MP: 5/8
   542 | D        | Killed a wandering mushroom
   543 | D        | Reached skill level 18 in Stealth
   867 | D        | Killed a burning bush
   868 | D        | Reached skill level 5 in Fighting
   868 | D        | Reached skill level 19 in Stealth
   881 | D        | Found Yletiuj's Assorted Antiques.
   881 | D        | Found Wangog's Antique Armour Shoppe.
   891 | D        | Learned a level 4 spell: Cause Fear
   896 | D        | Bought a golden potion for 14 gold pieces
   896 | D        | Bought a scroll labelled USABYWKIFA for 16 gold pieces
   896 | D        | Bought a scroll labelled USABYWKIFA for 16 gold pieces
   896 | D        | Bought a scroll labelled WAMNERR NYETWA for 16 gold pieces
   896 | D        | Bought a scroll labelled ESEUNI IQEWK for 16 gold pieces
   896 | D        | Bought a scroll labelled FOSTUE QIEMUUTO for 16 gold pieces
   896 | D        | Bought a scroll labelled FOSTUE QIEMUUTO for 16 gold pieces
  1059 | D        | Noticed a queen bee
  1069 | D        | Reached skill level 5 in Evocations
  1069 | D        | Reached XP level 8. HP: 23/43 MP: 7/9
  1082 | D        | HP: 2/43 [queen bee (15)]
  1086 | D        | Slain by a killer bee

Illustrated notes

Levels and vault maps discovered:
D:        dungeon_sprint_fedhas [sprint_temple]

Skill      XL: |  1  2  3  4  5  6  7 |
---------------+----------------------+-----
Dodging        | 2 3 4 5 7 8 |  8.2
Stealth        | 7 9 12 13 15 17 19 | 19.2
Fighting       | 2 3 4 5 |  5.2
Throwing       | 3 5 |  5.8
Short Blades   | 3 4 |  4.3
Evocations     | 1 3 5 |  5.0
Shields        | |  0.4
Spellcasting   | |  0.6
Hexes          | |  0.6

Action                   |  1- 3 |  4- 6 |  7- 9 || total
-------------------------+-------+-------+-------++-------
Melee: Dagger            |     8 |     6 |    37 ||    51
Throw: Dart              |     6 |    10 |       ||    16
 Abil: Evoke Invisibilit |       |     3 |     3 ||     6
  Use: Scroll            |       |       |     5 ||     5
       Potion            |       |       |     2 ||     2
 Stab: Sleeping          |     3 |     3 |     2 ||     8
       Invisible         |       |     1 |     1 ||     2
Armor: Robe              |     1 |       |     2 ||     3
Dodge: Dodged            |       |     5 |    73 ||    78
Block: Buckler           |       |       |    10 ||    10
